Map: Frost LE

Players

pOq (Nina)

  • Race: Protoss Protoss
  • League: Master

Stephano - Winner!

  • Race: Zerg Zerg
  • League: Master

Event: DreamHack ZOWIE Open Valencia 2016

VOD

Have the link to the VOD?

Description

Time

  • Played on: July 14, 2016, 3:52 p.m.
  • Length: 13:56

All games in this series

Show
View Real Time Build Order
Export as new Build Order

pOq Protoss 

Build Orders: 1 Gate Expand 

Get SALT Encoding   

  12  0:00  Probe (Chrono Boost)  
  13  0:11  Probe (Chrono Boost)  
  14  0:17  Pylon  
  14  0:23  Probe (Chrono Boost)  
  16  0:35  Probe (Chrono Boost)  
  16  0:38  Gateway  
  16  0:44  Assimilator  
  16  0:47  Probe (Chrono Boost)  
  17  0:57  Probe (Chrono Boost)  
  18  1:08  Probe (Chrono Boost)  
  20  1:18  Probe (Chrono Boost)  
  20  1:25  Nexus  
  20  1:29  Probe (Chrono Boost)  
  21  1:37  Cybernetics Core  
  21  1:42  Probe (Chrono Boost)  
  22  1:48  Pylon  
  22  1:52  Probe (Chrono Boost)  
  23  1:58  Assimilator  
  23  2:00  Warp Gate  
  23  2:06  Probe (Chrono Boost)  
  24  2:14  Adept  
  26  2:18  Probe (Chrono Boost)  
  27  2:28  Twilight Council  
  28  2:30  Probe (Chrono Boost)  
  28  2:39  Probe (Chrono Boost)  
  28  2:41  Adept  
  28  2:42  Probe (Chrono Boost)  
  32  2:49  Probe (Chrono Boost)  
  33  2:54  Resonating Glaives  
  33  2:55  Probe (Chrono Boost)  
  34  2:59  Robotics Facility  
  34  3:00  Probe (Chrono Boost)  
  36  3:07  Probe (Chrono Boost)  
  36  3:12  Probe (Chrono Boost)  
  37  3:14  Gateway  
  38  3:20  Probe (Chrono Boost)  
  38  3:23  Gateway  
  38  3:26  Probe (Chrono Boost)  
  43  3:34  Mothership Core (Chrono Boost)  
  43  3:38  Pylon  
  43  3:41  Warp Prism, Probe (Chrono Boost)  
  44  3:51  Pylon  
  44  3:53  Probe (Chrono Boost)  
  44  3:54  Probe (Chrono Boost)  
  46  4:05  Probe (Chrono Boost)  
  46  4:06  Probe (Chrono Boost)  
  48  4:11  Adept x2  
  48  4:12  Pylon  
  54  4:17  Probe (Chrono Boost)  
  54  4:18  Probe (Chrono Boost)  
  54  4:21  Adept  
  56  4:25  Observer  
  56  4:29  Nexus  
  57  4:32  Pylon  
  57  4:35  Sentry x2, Probe (Chrono Boost)  
  57  4:38  Probe (Chrono Boost)  
  63  4:43  Assimilator  
  63  4:44  Pylon, Assimilator  
  63  4:48  Probe (Chrono Boost)  
  65  4:54  Probe (Chrono Boost)  
  65  4:57  Blink  
  65  5:01  Adept x3  
  65  5:04  Probe (Chrono Boost)  
  72  5:09  Gateway  
  72  5:11  Gateway  
  72  5:19  Probe (Chrono Boost)  
  73  5:26  Probe (Chrono Boost)  
  73  5:28  Sentry  
  74  5:30  Sentry  
  74  5:31  Probe (Chrono Boost)  
  77  5:38  Probe (Chrono Boost)  
  77  5:42  Immortal  
  79  5:43  Probe (Chrono Boost)  
  79  5:44  Probe (Chrono Boost)  
  79  5:45  Adept  
  86  5:52  Probe (Chrono Boost), Gateway  
  86  5:53  Forge  
  86  5:55  Gateway  
  85  6:04  Adept x2  
  85  6:08  Probe x2 (Chrono Boost)  
  85  6:09  Probe (Chrono Boost)  
  92  6:12  Pylon  
  92  6:17  Immortal  
  93  6:18  Probe (Chrono Boost)  
  93  6:20  Probe (Chrono Boost)  
  93  6:21  Probe (Chrono Boost)  
  93  6:25  Pylon  
  97  6:36  Probe x2 (Chrono Boost)  
  97  6:37  Probe (Chrono Boost)  
  97  6:39  Robotics Bay, Robotics Facility  
  100  6:40  Protoss Ground Weapons Level 1  
  100  6:49  Probe (Chrono Boost)  
  100  6:50  Assimilator x2  
  100  6:53  Stalker  
  100  6:54  Stalker x3  
  105  6:59  Probe (Chrono Boost)  
  110  7:04  Pylon  
  110  7:06  Pylon  
  108  7:18  Stalker x2  
  108  7:22  Disruptor x2  
  117  7:24  Probe (Chrono Boost)  
  117  7:25  Pylon  
  117  7:27  Pylon, Probe (Chrono Boost)  
  119  7:34  Photon Cannon  
  119  7:35  Pylon  
  119  7:36  Probe (Chrono Boost)  
  118  7:49  Stalker x2  
  118  7:50  Stalker x5  
  132  7:53  Pylon  
  132  7:55  Pylon  
  132  7:57  Disruptor  
  132  7:59  Observer  
  136  8:08  Photon Cannon  
  136  8:12  Photon Cannon  
  136  8:14  Pylon  
  136  8:15  Pylon  
  136  8:18  Nexus  
  136  8:24  Adept x5  
  144  8:30  Disruptor  
  144  8:32  Photon Cannon  
  144  8:33  Photon Cannon  
  144  8:37  Adept x2  
  142  8:46  Probe (Chrono Boost)  
  123  8:49  Adept x4, Disruptor  
  123  8:52  Protoss Ground Weapons Level 2  
  115  8:59  Probe (Chrono Boost)  
  115  9:00  Probe x2 (Chrono Boost)  
  104  9:11  Probe (Chrono Boost)  
  104  9:12  Probe (Chrono Boost)  
  103  9:19  Adept x3  
  108  9:27  Adept x3  
  98  9:37  Observer, Probe x2 (Chrono Boost)  
  99  9:40  Templar Archives  
  99  9:43  Probe (Chrono Boost)  
  99  9:44  Sentry x2  
  105  9:52  Adept, Probe (Chrono Boost)  
  108  9:53  Pylon  
  108  9:56  Adept  
  108  9:57  Adept  
  114  10:00  Probe (Chrono Boost)  
  114  10:01  Probe x2 (Chrono Boost)  
  114  10:05  Probe (Chrono Boost)  
  114  10:12  Probe (Chrono Boost)  
  114  10:13  Adept  
  114  10:14  Adept x2  
  119  10:17  Probe (Chrono Boost)  
  119  10:21  Probe x2 (Chrono Boost)  
  118  10:24  Pylon  
  106  10:30  Pylon  
  106  10:31  Probe (Chrono Boost), High Templar x2  
  106  10:32  High Templar x2  
  106  10:33  Pylon  
  117  10:36  Archon x2, Probe (Chrono Boost)  
  117  10:37  Probe x2 (Chrono Boost)  
  118  10:45  Probe (Chrono Boost)  
  118  10:47  Photon Cannon  
  118  10:49  Photon Cannon  
  119  10:50  Pylon  
  119  10:54  Probe (Chrono Boost)  
  119  10:55  Probe x2 (Chrono Boost)  
  123  10:58  Probe (Chrono Boost), High Templar  
  123  10:59  High Templar  
  123  11:02  Adept  
  123  11:03  Archon  
  129  11:07  Probe (Chrono Boost)  
  119  11:15  Probe (Chrono Boost)  
  119  11:18  Protoss Shields Level 1  
  117  11:21  Adept x3  
  117  11:22  Adept  
  117  11:25  Probe x3 (Chrono Boost)  
  85  11:29  Probe (Chrono Boost)  
  85  11:30  High Templar  
  85  11:32  High Templar  
  88  11:35  Probe (Chrono Boost)  
  88  11:36  Archon  
  88  11:37  Probe x2 (Chrono Boost)  
  92  11:41  Probe (Chrono Boost)  
  92  11:46  Probe (Chrono Boost)  
  93  11:47  High Templar x2  
  93  11:49  Probe x2 (Chrono Boost)  
  93  11:53  Archon, Probe (Chrono Boost)  
  100  11:56  Probe (Chrono Boost)  
  100  12:00  Adept x3  
  109  12:01  Probe x2 (Chrono Boost)  
  109  12:06  Adept x2, Probe (Chrono Boost)  
  109  12:07  Probe (Chrono Boost)  
  104  12:20  Adept x4  
  104  12:21  Probe (Chrono Boost)  
  109  12:25  Probe (Chrono Boost)  
  108  12:32  Probe (Chrono Boost)  
  108  12:35  Adept x2  
  107  12:42  Probe (Chrono Boost)  
  108  12:44  Probe (Chrono Boost)  
  108  12:45  Probe (Chrono Boost)  
  108  12:47  Probe (Chrono Boost)  
  108  12:48  Photon Cannon  
  109  12:55  Probe (Chrono Boost)  
  109  12:56  Probe (Chrono Boost)  
  109  12:58  Probe x2 (Chrono Boost), High Templar x2  
  117  13:01  Disruptor  
  117  13:03  Archon  
  118  13:06  Disruptor  
  118  13:07  Probe (Chrono Boost)  
  118  13:08  Probe (Chrono Boost)  
  118  13:10  Probe (Chrono Boost)  
  126  13:19  Pylon  
  126  13:22  High Templar  
  126  13:23  High Templar  
  130  13:27  Archon  
  130  13:29  Stalker  
  130  13:30  Stalker  
  134  13:37  Adept  
  134  13:38  Adept x2  
Show
View Real Time Build Order
Export as new Build Order

Stephano Zerg - Winner!

Build Orders: Hatch First 

Get SALT Encoding   

  12  0:02  Drone  
  13  0:13  Overlord  
  13  0:18  Drone  
  14  0:31  Drone x2  
  14  0:35  Drone  
  17  0:52  Hatchery  
  17  0:55  Drone  
  17  0:58  Drone  
  18  1:09  Extractor  
  17  1:13  Spawning Pool  
  17  1:16  Drone  
  17  1:20  Drone  
  18  1:29  Drone  
  19  1:39  Overlord  
  19  1:52  Drone  
  20  2:01  Zergling x2, Queen  
  21  2:03  Queen  
  21  2:04  Drone  
  26  2:09  Metabolic Boost  
  26  2:14  Drone  
  27  2:21  Drone  
  28  2:27  Drone x2  
  30  2:35  Hatchery  
  29  2:41  Queen  
  31  2:47  Zergling x4  
  31  2:50  Overlord  
  33  2:54  Drone  
  33  2:56  Drone  
  35  2:59  Drone  
  36  3:07  Overlord  
  36  3:10  Drone  
  36  3:11  Drone x3  
  40  3:15  Drone x2  
  40  3:18  Drone  
  43  3:20  Extractor  
  43  3:23  Evolution Chamber  
  43  3:27  Drone x2  
  43  3:35  Zergling x4  
  43  3:37  Queen  
  47  3:45  Baneling Nest  
  47  3:48  Drone x4  
  49  3:54  Drone x3  
  54  3:55  Drone x2  
  55  4:03  Zergling x6  
  55  4:07  Zerg Melee Weapons Level 1  
  58  4:18  Overlord  
  57  4:30  Drone  
  57  4:31  Overlord  
  58  4:32  Overlord  
  58  4:35  Baneling x3  
  58  4:36  Overlord, Baneling  
  58  4:38  Drone x7  
  65  4:48  Queen  
  65  4:52  Drone x2  
  69  4:53  Drone x3  
  69  4:54  Spore Crawler  
  69  4:58  Drone x2, Roach Warren  
  69  4:59  Lair  
  72  5:01  Zergling x2  
  72  5:02  Zergling x2  
  72  5:04  Zergling x4  
  72  5:05  Baneling  
  76  5:07  Baneling  
  76  5:08  Zergling x4  
  78  5:18  Zergling x2  
  78  5:19  Zergling x12  
  82  5:26  Drone x2  
  82  5:27  Drone x2  
  84  5:30  Extractor  
  84  5:31  Extractor  
  84  5:32  Overlord  
  84  5:34  Drone x3  
  85  5:41  Spore Crawler  
  84  5:47  Drone x3, Overlord  
  84  5:49  Zergling x2, Hatchery  
  88  5:50  Zergling x4  
  89  5:58  Spine Crawler  
  89  6:02  Roach x5  
  89  6:03  Roach  
  98  6:06  Zerg Melee Weapons Level 2  
  98  6:09  Evolution Chamber, Zergling x2  
  98  6:10  Zergling x6  
  101  6:16  Centrifical Hooks  
  101  6:23  Zergling x10  
  101  6:24  Overlord x2  
  104  6:35  Drone x2  
  104  6:37  Overlord  
  104  6:38  Zerg Ground Armor Level 1  
  106  6:42  Overlord x2  
  106  6:44  Ravager x3  
  108  6:48  Drone x2  
  108  6:49  Drone x3  
  113  6:54  Ravager  
  113  6:56  Zergling x4  
  113  6:57  Zergling x10  
  121  7:04  Overseer  
  121  7:08  Baneling x3  
  121  7:09  Baneling  
  121  7:17  Overlord  
  121  7:20  Drone x6, Infestation Pit  
  121  7:22  Spine Crawler  
  125  7:31  Zergling x14  
  125  7:35  Hatchery  
  129  7:51  Overlord  
  129  7:53  Zergling x2  
  129  7:54  Zergling x16  
  129  7:57  Zergling x8  
  142  8:00  Hive  
  142  8:09  Zergling x4  
  142  8:10  Zergling x14, Spine Crawler  
  150  8:17  Baneling x3  
  150  8:18  Baneling  
  150  8:39  Zergling x22  
  150  8:40  Zergling x4  
  122  8:53  Zergling x2  
  122  8:54  Zergling x20  
  124  8:59  Zergling x2  
  124  9:00  Zergling x4  
  124  9:01  Queen  
  124  9:02  Zerg Ground Armor Level 2  
  123  9:09  Zergling x2  
  124  9:10  Zergling x10  
  126  9:21  Zergling x2  
  126  9:22  Zergling x10  
  105  9:33  Zergling x24  
  105  9:36  Zerg Melee Weapons Level 3  
  105  9:38  Adrenal Glands  
  113  9:40  Zergling x16, Extractor  
  113  9:41  Ultralisk Cavern  
  119  9:47  Extractor  
  119  9:52  Zergling x12  
  123  10:04  Zergling x2  
  123  10:05  Zergling x18  
  116  10:22  Zergling x24  
  120  10:31  Zergling x2  
  120  10:32  Zergling x16, Chitinous Plating  
  120  10:34  Queen x3  
  135  10:42  Overlord  
  135  10:48  Baneling x14  
  129  10:57  Baneling x4  
  129  10:58  Baneling  
  129  11:00  Hatchery  
  125  11:10  Hatchery  
  112  11:15  Zergling x24  
  118  11:24  Zergling x16  
  118  11:25  Zergling x12  
  110  11:35  Drone x3  
  110  11:36  Drone x2  
  110  11:37  Drone x2  
  117  11:44  Ultralisk  
  123  11:52  Ultralisk  
  126  12:12  Ultralisk x2  
  114  12:39  Ultralisk x3  
  114  12:41  Zergling x20  
  114  12:43  Drone  
  114  12:44  Drone  
  141  12:50  Drone x3  
  144  13:06  Pneumatized Carapace  
  144  13:09  Overseer x2  
  144  13:11  Overseer  

Tags
 
Add a new tag
Caveats
  • Supply blocks, unpowered buildings, or Contaminate may cause inaccurate times.
  • Supply counts are checked every 10 seconds.